 Dungeon Crawl Stone Soup version 0.23.0 (webtiles) character file.

Game seed: 10204861904050749290

428 GenChuck the Magician (level 6, -3/28 HPs)
             Began as a Spriggan Conjurer on Feb 11, 2019.
             Was an Initiate of Makhleb.
             Killed by divine providence
             ... invoked by an orc priest
              (14 damage)
             ... on level 4 of the Dungeon on Feb 14, 2019.
             The game lasted 00:31:59 (5111 turns).

GenChuck the Magician (Spriggan Conjurer)           Turns: 5111, Time: 00:31:59

Health: -3/28      AC:  2    Str:  2 (4)  XL:     6   Next: 65%
Magic:  5/16       EV: 18    Int: 18 (19) God:    Makhleb [......]
Gold:   152        SH:  0    Dex: 13 (16) Spells: 14/17 levels left

rFire    . . .     SeeInvis +   g - +4 whip
rCold    . . .     Gourm    .   (shield restricted)
rNeg     . . .     Faith    .   a - +0 robe
rPois    .         Spirit   .   (helmet restricted)
rElec    .         Reflect  .   (no cloak)
rCorr    .         Harm     .   (gloves unavailable)
MR       +....                  (boots unavailable)
Stlth    +++.......             (no amulet)
HPRegen  0.09/turn              (no ring)
MPRegen  0.15/turn              (no ring)

@: very quick
A: very small, unfitting armour, see invisible, herbivore, speed 3, slow
metabolism 2
a: Renounce Religion


You were on level 4 of the Dungeon.
You worshipped Makhleb.
Makhleb was noncommittal.
You were not hungry.

You visited 1 branch of the dungeon, and saw 4 of its levels.

You collected 152 gold pieces.

Inventory:

Hand Weapons
 d - a +0 dagger
 g - a +4 whip (weapon)
Missiles
 b - 4 tomahawks (quivered)
Armour
 a - a +0 robe (worn)
Wands
 e - a wand of digging (5)
Scrolls
 f - a scroll of blinking
Comestibles
 c - 5 rations


   Skills:
 + Level 0.1 Fighting
 + Level 0.1 Maces & Flails
 * Level 3.7 Dodging
 * Level 5.1 Stealth
 + Level 6.3 Spellcasting
 + Level 4.1 Conjurations


You had 14 spell levels left.
You knew the following spells:

 Your Spells              Type           Power        Failure   Level  Hunger
a - Magic Dart            Conj           ###.         1%          1    None
b - Searing Ray           Conj           ###...       3%          2    None

Your spell library contained the following spells:

 Spells                   Type           Power        Failure   Level  Hunger
 Dazzling Spray           Conj/Hex       ##....       16%         3    ##.....
 Iskenderun's Mystic Bla  Conj           ###.....     21%         4    ####...
 Force Lance              Conj/Tloc      ##......     45%         4    ####...
 Fulminant Prism          Conj/Hex       ##........   45%         4    ####...


Dungeon Overview and Level Annotations

Branches:
Dungeon (4/15)             Temple (0/1) D:4

Altars:
Cheibriados
Makhleb
Trog


Innate Abilities, Weirdness & Mutations

You are very small and have problems with some larger weapons.
You are too small for most types of armour.
You have supernaturally acute eyesight. (SInv)
You are a herbivore.
You cover ground extremely quickly.
You need to consume almost no food.


Message History

Beogh smites you!
Ouch! That really hurt!
Casting: Magic Dart (safe; 1% risk of failure)
Confirm with . or Enter, or press ? or * to list all spells.
Aiming: Magic Dart (safe; 1% risk of failure)
Press: ? - help, Shift-Dir - straight line, f/p - orc priest
Aim: an orc priest, wielding a +0 club and wearing a +0 chain mail The magic dart hits the orc priest.
The orc priest is moderately wounded.
Casting: Magic Dart (safe; 1% risk of failure)
Confirm with . or Enter, or press ? or * to list all spells.
Aiming: Magic Dart (safe; 1% risk of failure)
Press: ? - help, Shift-Dir - straight line, f/p - orc priest
Aim: an orc priest, wielding a +0 club and wearing a +0 chain mail (moderately wounded)
The magic dart hits the orc priest but does no damage.
The orc priest is moderately wounded.
The orc priest invokes the aid of Beogh against you.
Beogh smites you!
Ouch! That really hurt!
You die...

###...........
#.o.........#
####o#.......###
#######.#..##...####
#........)####### ##
#.......o## ##.
#.........## ###..
#..........# ##....
##...@.....# ##.....
#.........# #......
#.........# #......
##........# #......
#.........# #......
#...#......# #......
#..######..# #......
#...# ### ##.....
#...## ##....


You could see 2 orc priests and an orc.

Vanquished Creatures
  A phantom (D:4)
  An ogre (D:4)
  A howler monkey (D:4)
  An orc priest (D:4)
  A hound (D:4)
  7 adders
  An ooze (D:1)
  An adder skeleton (D:3)
  3 worms
  3 dart slugs
  4 leopard geckos
  3 orcs (D:4)
  4 giant cockroaches (D:1)
  6 goblins
  10 hobgoblins
  9 jackals
  2 kobolds
  A ball python (D:1)
  7 bats
  2 frilled lizards
  A quokka skeleton (D:4)
  8 rats
77 creatures vanquished.

Notes
Turn   | Place    | Note
-------+----------+-------------------------------------------
     0 | D:1      | GenChuck the Spriggan Conjurer began the quest for the Orb.
     0 | D:1      | Reached XP level 1. HP: 9/9 MP: 5/5
   123 | D:1      | Reached XP level 2. HP: 13/13 MP: 2/6
   773 | D:1      | Reached skill level 3 in Spellcasting
   913 | D:1      | Reached XP level 3. HP: 16/16 MP: 0/8
  1905 | D:2      | Learned a level 2 spell: Searing Ray
  2257 | D:2      | Reached XP level 4. HP: 21/21 MP: 7/10
  2941 | D:2      | Reached skill level 4 in Spellcasting
  3103 | D:2      | Found a faded altar of an unknown god.
  3667 | D:3      | Reached XP level 5. HP: 24/24 MP: 4/12
  3983 | D:4      | Noticed a phantom
  4156 | D:4      | Found a burning altar of Makhleb.
  4172 | D:4      | Became a worshipper of Makhleb the Destroyer
  4190 | D:4      | Killed a phantom
  4190 | D:4      | Reached skill level 5 in Spellcasting
  4421 | D:4      | Reached XP level 6. HP: 28/28 MP: 9/15
  4624 | D:4      | Found a staircase to the Ecumenical Temple.
  4674 | D:4      | Reached skill level 5 in Stealth
  4674 | D:4      | Reached skill level 6 in Spellcasting
  4736 | D:4      | Found a bloodstained altar of Trog.
  4741 | D:4      | Found a snail-covered altar of Cheibriados.
  5111 | D:4      | Killed from afar by an orc priest

Skill      XL: |  1  2  3  4  5  6 |
---------------+-------------------+-----
Conjurations   | 3 4 |  4.1
Spellcasting   | 3 4 5 6 |  6.3
Stealth        | 4 5 |  5.1
Fighting       | |  0.1
Maces & Flails | |  0.1
Dodging        | |  3.7

Action                   |  1- 3 |  4- 6 || total
-------------------------+-------+-------++-------
Melee: Dagger            |     1 |       ||     1
       Whip              |       |     5 ||     5
 Cast: Magic Dart        |    99 |   141 ||   240
       Searing Ray       |     1 |     5 ||     6
  Use: Potion            |     2 |     3 ||     5
       Scroll            |     3 |     4 ||     7
  Eat: Ration            |       |     1 ||     1
Armor: Robe              |     4 |       ||     4
Dodge: Dodged            |     7 |     6 ||    13
